 Dungeon Crawl Stone Soup version 0.21.1-1-g345015f (webtiles) character file.

109 Fang the Skirmisher (level 4, -10/43 HPs)
             Began as a Gargoyle Berserker on May 30, 2018.
             Was a Believer of Trog.
             Mangled by CougarLife's ghost (18 damage)
             ... on level 4 of the Dungeon.
             The game lasted 00:04:06 (2879 turns).

Fang the Skirmisher (Gargoyle Berserker)            Turns: 2879, Time: 00:04:07

Health: -10/43     AC:  5    Str: 26    XL:     4   Next: 90%
Magic:  4/4        EV: 12    Int:  8    God:    Trog [**....]
Gold:   142        SH:  0    Dex:  9    Spells: 3/3 levels left

rFire    . . .     SeeInvis .   a - +0 hand axe
rCold    . . .     Gourm    .   (no shield)
rNeg     + . .     Faith    .   b - +0 animal skin
rPois    ∞         Spirit   .   (no helmet)
rElec    +         Reflect  .   (no cloak)
rCorr    .         Harm     .   (no gloves)
MR       .....                  (no boots)
Stlth    ..........             (no amulet)
HPRegen  0.14/turn              (no ring)
MPRegen  0.09/turn              (no ring)

@: berserking (expiring), very quick
A: negative energy resistance 1, electricity resistance, unbreathing,
petrification resistance, rot immunity, AC +3
a: Berserk, Trog's Hand, Burn Spellbooks, Renounce Religion


You were on level 4 of the Dungeon.
You worshipped Trog.
Trog was pleased with you.
You were not hungry.

You visited 1 branch of the dungeon, and saw 4 of its levels.

You collected 142 gold pieces.

Inventory:

Hand Weapons
 a - a +0 hand axe (weapon)
Armour
 b - a +0 animal skin (worn)
Scrolls
 d - a scroll of random uselessness {unknown}
 e - 3 scrolls of immolation {unknown}
 f - 6 scrolls of teleportation {unknown}
 g - 8 scrolls of identify {unknown}
 k - 2 scrolls of amnesia {unknown}
 m - a scroll of enchant weapon {unknown}
 o - a scroll of remove curse {unknown}
Potions
 h - a potion of haste {unknown}
 i - a potion of brilliance {unknown}
 j - 2 potions of lignification {unknown}
 l - 2 potions of degeneration {unknown}
 n - a potion of flight {unknown}
 p - a potion of mutation {unknown}
Comestibles
 c - 4 rations


   Skills:
 + Level 4.0 Fighting
 + Level 3.9 Axes
 + Level 2.4 Armour
 + Level 2.3 Dodging
 + Level 0.2 Stealth


You had 3 spell levels left.
You didn't know any spells.

Dungeon Overview and Level Annotations

Branches:
Dungeon (4/15)
 Temple: D:4-7

Altars:
Makhleb
Qazlal
Ru
Trog

Annotations:
D:4 CougarLife's ghost, novice MiFi


Innate Abilities, Weirdness & Mutations

You are resistant to torment.
Your stone body is resilient. (AC +3)
You are immune to poison.
You resist negative energy. (rN+)
You are resistant to electric shocks. (rElec)
You can survive without breathing.
You are immune to petrification.
You are immune to rotting.


Message History

CougarLife's ghost barely misses you.
You barely miss CougarLife's ghost.
CougarLife's ghost is moderately damaged.
CougarLife's ghost barely misses you.
You barely miss CougarLife's ghost.
CougarLife's ghost is moderately damaged.
CougarLife's ghost hits you!
* * * LOW HITPOINT WARNING * * *
You hit CougarLife's ghost.
CougarLife's ghost is heavily damaged.
You hit CougarLife's ghost but do no damage.
CougarLife's ghost is heavily damaged.
CougarLife's ghost barely misses you.
You hit CougarLife's ghost but do no damage.
CougarLife's ghost is heavily damaged.
CougarLife's ghost hits you but does no damage.
You barely miss CougarLife's ghost.
CougarLife's ghost is heavily damaged.
CougarLife's ghost hits you!!
You die...

#### ...# ###
#..##...#
##..##.......#
+............#
#............#
#####..#
##+##..##..#
#........W.#
##..##........@.#
#......<........#
#...............#
#################


You could see CougarLife's ghost.

Vanquished Creatures
  5 adders
  A worm (D:2)
  A dart slug (D:2)
  5 leopard geckos
  4 giant cockroaches
  7 goblins
  6 hobgoblins
  7 kobolds
  A quokka (D:2)
  A ball python (D:1)
  6 bats
  4 frilled lizards
  6 rats
54 creatures vanquished.

Vanquished Creatures (others)
  A wizard (D:3)
1 creature vanquished.

Grand Total: 55 creatures vanquished

Notes
Turn   | Place    | Note
-------+----------+-------------------------------------------
     0 | D:1      | Fang the Gargoyle Berserker began the quest for the Orb.
     0 | D:1      | Reached XP level 1. HP: 14/14 MP: 1/1
   368 | D:1      | Reached XP level 2. HP: 16/19 MP: 2/2
   763 | D:1      | Reached XP level 3. HP: 24/24 MP: 3/3
  1335 | D:2      | Found a stormy altar of Qazlal.
  1346 | D:2      | Reached ** piety under Trog
  1501 | D:2      | Reached XP level 4. HP: 20/29 MP: 4/4
  1985 | D:2      | Found a burning altar of Makhleb.
  2067 | D:3      | Reached skill level 4 in Fighting
  2281 | D:3      | Found a bloodstained altar of Trog.
  2284 | D:3      | Noticed a wizard
  2289 | D:3      | Killed a wizard
  2338 | D:3      | Found a sacrificial altar of Ru.
  2862 | D:4      | Noticed CougarLife's ghost (novice MiFi)
  2879 | D:4      | Mangled by CougarLife's ghost

Skill      XL: |  1  2  3  4 |
---------------+-------------+-----
Axes           | 3 |  3.9
Dodging        | 2 |  2.3
Fighting       | 4 |  4.0
Armour         | |  2.4
Stealth        | |  0.2

Action                   |  1- 3 |  4- 6 || total
-------------------------+-------+-------++-------
Melee: Hand axe          |   113 |    89 ||   202
Invok: Berserk           |       |     2 ||     2
       Burn Spellbooks   |       |     1 ||     1
 Stab: Sleeping          |       |     1 ||     1
  Eat: Chunk             |     2 |     3 ||     5
       Ration            |       |     1 ||     1
Armor: Animal skin       |    42 |    22 ||    64
Dodge: Dodged            |    88 |    47 ||   135
